 Dungeon Crawl Stone Soup version 0.19-a0-1907-gcff654f (webtiles) character file.

2258 LORDOFBUTT the Cleaver (level 9, -4/78 HPs)
             Began as a Hill Orc Fighter on Oct 22, 2016.
             Was a Believer of Beogh.
             Killed by divine providence
             ... invoked by an orc priest
              (13 damage)
             ... on level 7 of the Dungeon on Oct 23, 2016.
             The game lasted 00:10:24 (4939 turns).

LORDOFBUTT the Cleaver (Hill Orc Fighter)           Turns: 4939, Time: 00:10:25

Health: -4/78      AC:  6    Str: 19    XL:     9   Next: 38%
Magic:  11/11      EV: 10    Int:  8    God:    Beogh [**....]
Gold:   347        SH: 13    Dex: 13    Spells: 0 memorised, 8 levels left

rFire  . . .     SeeInvis .     a - +2 war axe
rCold  + . .     Gourm    .     D - +0 ring mail {rC+}
rNeg   . . .     Faith    .     c - +0 shield
rPois  .         Spirit   .     (no helmet)
rElec  .         Reflect  +     (no cloak)
rCorr  .         Harm     .     (no gloves)
MR     .....                    (no boots)
Stlth  +.........               G - +3 amulet of reflection
                                m - +1 ring of slaying
                                l - +1 ring of slaying

@: no status effects
A: no striking features
a: Smiting, Renounce Religion


You were on level 7 of the Dungeon.
You worshipped Beogh.
Beogh was pleased with you.
You were near starving.

You visited 1 branch of the dungeon, and saw 7 of its levels.
You also visited: Ossuary.

You collected 347 gold pieces.

Inventory:

Hand Weapons
 a - a +2 war axe (weapon)
 R - the +9 mace of Collusion {crush, rF- MR+ Int+3 Dex+4}
   (You found it on level 6 of the Dungeon)

   It inflicts extra damage upon your enemies.
   It affects your intelligence (+3).
   It affects your dexterity (+4).
   It makes you vulnerable to fire.
   It affects your resistance to hostile enchantments.
Armour
 b - a +0 scale mail
 c - a +0 shield (worn)
 D - a +0 ring mail of cold resistance (worn)
Jewellery
 h - an uncursed ring of teleportation
 k - an uncursed amulet of rage
 l - a +1 ring of slaying (left hand)
 m - a +1 ring of slaying (right hand)
 t - an uncursed amulet of magic regeneration
 G - a +3 amulet of reflection (around neck)
 T - an uncursed amulet of harm {unknown}
Wands
 v - a wand of disintegration (19/24)
 w - a wand of random effects (24/48)
 Q - a wand of random effects (29/48)
Scrolls
 n - 2 scrolls of teleportation
 y - a scroll of blinking {unknown}
 B - 7 scrolls of remove curse
 C - 4 scrolls of identify
 E - a scroll of fear
 F - 3 scrolls of enchant armour {unknown}
 H - 2 scrolls of magic mapping {unknown}
 I - 2 scrolls of silence {unknown}
 K - 3 scrolls of amnesia {unknown}
 N - a scroll of fog {unknown}
 P - 2 scrolls of recharging {unknown}
Potions
 e - 2 potions of degeneration {unknown}
 j - 4 potions of brilliance
 o - 4 potions of lignification
 p - 3 potions of heal wounds {unknown}
 q - a potion of agility
 r - a potion of mutation {unknown}
 s - a potion of haste {unknown}
 u - a potion of invisibility {unknown}
 x - 2 potions of curing
 J - a potion of cure mutation {unknown}
 L - a potion of cancellation {unknown}
 M - 2 potions of flight {unknown}
 O - a potion of beneficial mutation {unknown}
Books
 d - a book of Conjurations

   Spells                             Type                      Level
   a - Magic Dart                     Conjuration                  1
   b - Searing Ray                    Conjuration                  2
   c - Dazzling Spray                 Conjuration/Hexes            3
   d - Fulminant Prism                Conjuration/Hexes            4
   e - Iskenderun's Mystic Blast      Conjuration                  4
   f - Iskenderun's Battlesphere      Conjuration/Charms           5
 z - a book of Minor Magic

   Spells                             Type                      Level
   a - Magic Dart                     Conjuration                  1
   b - Blink                          Translocation                2
   c - Call Imp                       Summoning                    2
   d - Repel Missiles                 Charms/Air                   2
   e - Slow                           Hexes                        2
   f - Conjure Flame                  Conjuration/Fire             3
   g - Mephitic Cloud                 Conjuration/Poison/Air       3
 S - a book of Cantrips

   Spells                             Type                      Level
   a - Confusing Touch                Hexes                        1
   b - Animate Skeleton               Necromancy                   1
   c - Summon Small Mammal            Summoning                    1
   d - Apportation                    Translocation                1
Comestibles
 f - 4 bread rations
 g - 3 meat rations
 i - 3 fruits
 A - 3 slices of pizza


   Skills:
 + Level 6.6 Fighting
 + Level 10.5 Axes
 + Level 5.9 Armour
 + Level 2.2 Dodging
 + Level 1.4 Stealth
 + Level 6.4 Shields
 * Level 2.9 Invocations


You had 8 spell levels left.
You didn't know any spells.

Dungeon Overview and Level Annotations

Branches:
Dungeon (7/15)             Temple (0/1) D:6

Altars:
Ashenzari
Dithmenos
Makhleb


Message History

You slash the orc wizard!
You kill the orc wizard!
Beogh accepts your kill.
The orc priest invokes the aid of Beogh against you.
Beogh smites you!
* * * LOW HITPOINT WARNING * * *
It was a potion of curing.
You feel better.
You slash the orc priest!
The orc priest is heavily wounded.
The orc priest calls down the wrath of Beogh upon you.
Beogh smites you!
* * * LOW HITPOINT WARNING * * *
You slice the orc priest!!
You kill the orc priest!
Beogh accepts your kill.
Beogh appreciates your killing of a heretic priest.
The orc priest calls down the wrath of Beogh upon you.
Beogh smites you!
You die...
Beogh appreciates the orc priest's killing of a heretic priest.

## #..<.......#....######......
.# #..........#....########...#
.##
##.........#.............###
..# #.........#.............#
..# #.........#.............###
..# #.........###.#............
..#####.........#
#.#.........###
......'.........###.#.........#
...####........o@...#.......(##
.#.# #........#######......##
.#.## #........## #......#
.#..# ##.#......#
############## .##.##
#.#...o..# #.............
###..# #.#......#
#.......###### ..##.#
#.#......# #.......#
+###.###.#..o...# #.......#
......#.........## #.......#


You could see an orc priest.

Vanquished Creatures
  An ice beast (D:6)
  A phantom (D:5)
  2 orc warriors
  A necrophage (D:5)
  The ghost of PMMEDEADDPEGS the Slasher, an amateur HOMo (D:3)
  2 ogres
  2 centaurs
  A big kobold (D:7)
  An elf zombie (Ossuary)
  A wyvern skeleton (D:5)
  A scorpion (D:6)
  A killer bee (D:6)
  5 howler monkeys
  2 crimson imps
  A bullfrog zombie (D:5)
  2 hounds
  5 orc wizards
  Crazy Yiuf (D:6)
  3 orc priests
  A centaur skeleton (D:6)
  Natasha (twice) (D:4)
  4 worker ants
  2 hound zombies
  3 mummies (Ossuary)
  A howler monkey zombie (D:6)
  4 gnolls (D:7)
  5 adders
  A shadow imp (D:5)
  2 oozes
  2 adder zombies (Ossuary)
  4 worms
  2 dart slugs
  6 leopard geckos
  13 orcs
  4 bats
  6 giant cockroaches
  3 gnoll zombies (Ossuary)
  5 goblins
  10 hobgoblins
  4 jackals (D:6)
  A quokka (D:3)
  A ball python (D:4)
  2 frilled lizards (D:2)
  3 goblin zombies (Ossuary)
  A hobgoblin zombie (Ossuary)
  12 kobolds
  3 kobold zombies (Ossuary)
  A leopard gecko skeleton (D:6)
  A quokka skeleton (D:4)
  A quokka zombie (Ossuary)
  11 rats
  4 rat zombies (Ossuary)
159 creatures vanquished.

Vanquished Creatures (others)
  A rat (D:3)
1 creature vanquished.

Grand Total: 160 creatures vanquished

Notes
Turn   | Place    | Note
-------+----------+-------------------------------------------
     0 | D:1      | LORDOFBUTT the Hill Orc Fighter began the quest for the Orb.
     0 | D:1      | Reached XP level 1. HP: 19/19 MP: 1/1
    95 | D:1      | Reached XP level 2. HP: 24/27 MP: 2/2
   301 | D:1      | Reached XP level 3. HP: 16/33 MP: 3/3
   471 | D:2      | Reached skill level 3 in Axes
  1172 | D:2      | Reached XP level 4. HP: 37/40 MP: 4/4
  1393 | D:3      | Reached skill level 4 in Axes
  1443 | D:3      | Reached XP level 5. HP: 38/46 MP: 5/5
  1618 | D:3      | Reached skill level 1 in Dodging
  1806 | D:3      | Reached skill level 5 in Axes
  1832 | D:3      | Became a worshipper of Beogh the Brigand
  1851 | D:3      | Reached XP level 6. HP: 34/53 MP: 6/6
  2088 | D:3      | Noticed PMMEDEADDPEGS's ghost (amateur HOMo)
  2102 | D:3      | Killed PMMEDEADDPEGS's ghost
  2388 | D:4      | Noticed Natasha
  2392 | D:4      | Killed Natasha
  2457 | D:4      | Found a shattered altar of Ashenzari.
  2460 | D:4      | Noticed Natasha
  2466 | D:4      | Killed Natasha
  2466 | D:4      | Reached skill level 6 in Axes
  2514 | D:4      | Found a shadowy altar of Dithmenos.
  2638 | D:5      | Entered Level 5 of the Dungeon
  2657 | D:5      | Reached XP level 7. HP: 59/60 MP: 7/7
  2685 | D:5      | Reached skill level 5 in Fighting
  2685 | D:5      | Reached skill level 7 in Axes
  2685 | D:5      | Reached skill level 5 in Armour
  2872 | D:5      | Reached XP level 8. HP: 50/68 MP: 8/8
  2949 | D:5      | Reached skill level 8 in Axes
  3265 | D:6      | Reached skill level 1 in Stealth
  3355 | D:6      | Reached * piety under Beogh
  3402 | D:6      | Reached skill level 5 in Shields
  3446 | D:6      | Found a sand-covered staircase.
  3476 | D:6      | Reached skill level 9 in Axes
  3512 | Ossuary  | Entered an ossuary
  3596 | Ossuary  | Reached ** piety under Beogh
  3685 | D:6      | Found a staircase to the Ecumenical Temple.
  3946 | D:6      | Found a burning altar of Makhleb.
  4139 | D:6      | Found a runed door.
  4143 | D:6      | Noticed Crazy Yiuf
  4149 | D:6      | Killed Crazy Yiuf
  4149 | D:6      | Reached skill level 10 in Axes
  4198 | D:6      | Reached XP level 9. HP: 73/75 MP: 9/9
  4239 | D:6      | Got a bloodstained mace
  4240 | D:6      | Identified the +9 mace of Collusion {crush, rF- MR+ Int+3 Dex+4} (You found it on level 6 of the Dungeon)
  4375 | D:7      | Reached skill level 1 in Invocations
  4939 | D:7      | Killed from afar by an orc priest

Vault maps used:
D:1:      dpeg_arrival_renting
D:2:      patterned_corridor
D:3:      nicolae_overflow_hidden_temple
D:4:      ashenzari_conservatory_becter,
          nicolae_dithmenos_through_a_glass_darkly, uniq_natasha
D:5:      first_bread
D:6:      lemuel_round_altar, enter_ossuary_1, uniq_crazy_yiuf_cottage
Ossuary:  ossuary_minmay_chase

Skill      XL: |  1  2  3  4  5  6  7  8  9 |
---------------+----------------------------+-----
Fighting       | 4 5 6 |  6.6
Axes           | 3 4 5 6 7 10 | 10.5
Armour         | 4 5 |  5.9
Shields        | 4 5 6 |  6.4
Dodging        | 1 2 |  2.2
Stealth        | 1 |  1.4
Invocations    | 2 |  2.9

Action                   |  1- 3 |  4- 6 |  7- 9 || total
-------------------------+-------+-------+-------++-------
Melee: War axe           |   115 |   154 |   207 ||   476
Invok: Convert to Beogh  |       |     1 |       ||     1
  Use: Scroll            |     2 |     6 |     1 ||     9
       Potion            |       |     3 |     1 ||     4
 Stab: Distracted        |       |     1 |       ||     1
  Eat: Chunk             |       |     6 |       ||     6
       Beef jerky        |       |       |     4 ||     4
Armor: Scale mail        |    38 |    63 |       ||   101
       Ring mail         |       |     2 |    50 ||    52
Dodge: Dodged            |    31 |    32 |    53 ||   116
Block: Shield            |    56 |    69 |   130 ||   255
       Reflection        |       |       |     4 ||     4
